 Dungeon Crawl Stone Soup version 0.31.0-32-g396128a36d (webtiles) character file.

Game seed: 12095056538835451466

172 Eryx the Shooter (level 5, -2/44 HPs)
             Began as a Draconian Hunter on Apr 21, 2024.
             Was an Initiate of Yredelemnul.
             Slain by a scorpion (3 damage)
             ... on level 4 of the Dungeon.
             The game lasted 00:08:35 (2693 turns).

Eryx the Shooter (Draconian Hunter)                 Turns: 2693, Time: 00:08:36

Health: -2/44      AC:  5    Str: 14    XL:     5   Next: 27%
Magic:  6/6        EV:  9    Int: 11    God:    Yredelemnul [......]
Gold:   216        SH:  0    Dex: 14    Spells: 6/6 levels left

rFire   . . .        e - +0 hand axe
rCold   . . .        (no shield)
rNeg    . . .        (body armour unavailable)
rPois   .            (helmet restricted)
rElec   .            (no cloak)
rCorr   .            (no gloves)
SInv    .            (no boots)
Will    +....        k - amulet of regeneration
Stlth   ++           (no ring)
HPRegen 1.07/turn    (no ring)
MPRegen 0.10/turn

%: no passive effects
@: lethally poisoned (-2 -> -3), enlightened, flying, hasted, constricted, very
quick
A: AC +5, unfitting armour, cold-blooded
a: Renounce Religion, Recall Undead Harvest


You were on level 4 of the Dungeon.
You worshipped Yredelemnul.
Yredelemnul was noncommittal.
You visited 1 branch of the dungeon, and saw 4 of its levels.

You collected 216 gold pieces.

Inventory:

Hand Weapons
 a - a +1 shortbow
 e - a +0 hand axe (weapon)
Jewellery
 k - an amulet of regeneration (around neck)
Scrolls
 g - 6 scrolls of teleportation
Potions
 c - a potion of enlightenment
 f - 2 potions of resistance
 j - a potion of heal wounds {unknown}


   Skills:
 * Level 2.9 Fighting
 * Level 1.1 Axes
 * Level 5.0 Ranged Weapons
 * Level 2.1 Dodging
 * Level 1.9 Stealth
 * Level 1.0 Spellcasting


You had 6 spell levels left.
You didn't know any spells.
Your spell library was empty.

Dungeon Overview and Level Annotations

Branches:
Dungeon (4/15)
 Temple: D:4-7

Altars:
Yredelemnul


Innate Abilities, Weirdness & Mutations

Your plain brown scales are hard. (AC +5)
You cannot fit into any form of body armour.
You are cold-blooded and may be slowed by cold attacks.


Message History

You feel better. The scorpion stings you.
Your adder zombie closely misses the iguana.
The iguana barely misses you.
You hit the scorpion.
The scorpion is heavily wounded.
You hit the iguana but do no damage. You hit the ball python.
The scorpion stings you.
You are poisoned.
The scorpion poisons you!
Your adder zombie bites the iguana.
The ball python bites you.
* * * LOW HITPOINT WARNING * * *
The ball python barely misses you.
The iguana bites you but does no damage.
The scorpion stings you.
* * * LOW HITPOINT WARNING * * *
Unknown command.
It was a potion of enlightenment.
You feel very buoyant.
You fly up into the air.
* * * LOW HITPOINT WARNING * * *
You feel very sick.
Your adder zombie misses the iguana.
The ball python closely misses you. The ball python barely misses you.
The scorpion closely misses you. The iguana barely misses you.
It was a potion of haste.
You feel yourself speed up.
You feel sick.
The ball python bites you but does no damage.
The ball python grabs you. The ball python constricts you.
Your adder zombie bites the iguana.
The scorpion stings you.
* * * LOW HITPOINT WARNING * * *
The iguana closely misses your adder zombie.
The ball python bites you.
* * * LOW HITPOINT WARNING * * *
The ball python constricts you.
Your adder zombie bites the iguana.
You hit the iguana.
You kill the iguana!
You hit the ball python. You barely miss the scorpion.
* * * LOW HITPOINT WARNING * * *
You feel sick. The scorpion stings you.
You die...
Your body rises from the dead as a mindless zombie.

#. #. ##.#.
.........#.##.##)##.#...
.........#.......#.##...
..........###.#.......##
..............##...)....
...........##[.##.#...##
#..:......##.....>.<...
#....ZS...##.#.........
#.....@................
##....s........#.......
.........###+#####......
.........# #.....#.
.........# #.#####.
.........# .. #.
.........+ +B# #.
.........# .........#


You could see a scorpion, a ball python (ally target) and a friendly adder
zombie.

Vanquished Creatures
  An iguana (D:4)
  A gnoll (D:1)
  6 adders
  A ribbon worm (D:2)
  3 dart slugs (D:1)
  6 ball pythons
  9 bats
  6 endoplasms
  3 giant cockroaches
  8 goblins
  5 hobgoblins
  6 jackals
  3 quokkas
  7 frilled lizards
  2 kobolds
  4 rats
71 creatures vanquished.

Vanquished Creatures (collateral kills)
  An iguana (D:4)
1 creature vanquished.

Grand Total: 72 creatures vanquished

Notes
Turn   | Place    | Note
-------+----------+-------------------------------------------
     0 | D:1      | Eryx the Draconian Hunter began the quest for the Orb.
     0 | D:1      | Reached XP level 1. HP: 17/17 MP: 1/1
    34 | D:1      | Reached skill level 1 in Stealth
    86 | D:1      | Reached XP level 2. HP: 24/24 MP: 2/2
   102 | D:1      | Reached skill level 4 in Ranged Weapons
   232 | D:1      | Reached XP level 3. HP: 30/30 MP: 3/3
   767 | D:2      | Reached XP level 4. HP: 37/37 MP: 4/4
  2078 | D:3      | Found a faded altar of an unknown god.
  2089 | D:3      | Prayed at the altar of an unknown god.
  2089 | D:3      | Became a worshipper of Yredelemnul the Dark
  2089 | D:3      | Reached * piety under Yredelemnul
  2637 | D:4      | Reached skill level 5 in Ranged Weapons
  2637 | D:4      | Reached XP level 5. HP: 27/44 MP: 6/6
  2652 | D:4      | Reached skill level 1 in Axes
  2652 | D:4      | Reached skill level 1 in Spellcasting
  2693 | D:4      | HP: 1/44 [poisoned by a scorpion]
  2693 | D:4      | Slain by a scorpion

Illustrated notes

Levels and vault maps discovered:
D:1:      enne_arrival_octagon_isle, layout_rooms, minmay_cupped
D:2:      layout_basic, serial_bayou_ford_a
D:3:      layout_basic, dreamdust_ecumenical_altar_grove
D:4:      layout_rooms, temple_green, minmay_misc_feat_tiny, item_on_display_a

Skill      XL: |  1  2  3  4  5 |
---------------+----------------+-----
Stealth        | 1 |  1.9
Ranged Weapons | 4 5 |  5.0
Dodging        | 2 |  2.1
Axes           | 1 |  1.1
Spellcasting   | 1 |  1.0
Fighting       | |  2.9

Action                     |  1- 3 |  4- 6 || total
---------------------------+-------+-------++-------
  Melee: Hand axe          |     2 |    99 ||   101
         Tailslap          |     1 |     9 ||    10
   Fire: Shortbow          |   121 |    47 ||   168
    Use: Scroll            |     4 |     6 ||    10
         Potion            |       |     6 ||     6
 Armour: Skin              |    58 |    96 ||   154
  Dodge: Dodged            |    77 |   126 ||   203
